Map: Dusk Towers

Players

Elazer

  • Race: Zerg Zerg
  • League: Grandmaster

Lambo - Winner!

  • Race: Zerg Zerg
  • League: Grandmaster

Event: DreamHack ROCCAT LotV Championship

VOD

Have the link to the VOD?

Description

Time

  • Played on: Nov. 26, 2015, 8:50 a.m.
  • Length: 8:12

All games in this series

Show
View Real Time Build Order
Export as new Build Order

Elazer Zerg 

Build Orders: Pool First 

Get SALT Encoding   

  12  0:00  Drone  
  13  0:12  Overlord  
  13  0:17  Drone  
  14  0:30  Drone  
  14  0:31  Drone  
  14  0:35  Drone  
  17  0:36  Extractor  
  16  0:49  Spawning Pool  
  15  0:50  Drone  
  15  0:55  Drone  
  17  1:07  Drone  
  18  1:18  Overlord  
  18  1:35  Queen  
  18  1:36  Zergling x2  
  18  1:38  Metabolic Boost  
  18  1:39  Zergling x2  
  22  1:52  Hatchery  
  21  1:56  Zergling x2  
  22  2:03  Baneling Nest  
  22  2:05  Zergling x2  
  22  2:13  Zergling x2  
  24  2:22  Zergling x2  
  24  2:35  Zergling x2  
  25  2:42  Queen  
  27  2:44  Overlord  
  27  2:45  Drone x2  
  28  2:53  Baneling  
  28  2:55  Zergling x2  
  29  3:03  Baneling  
  29  3:05  Zergling x4  
  31  3:08  Drone  
  31  3:17  Drone x2  
  31  3:19  Drone x2  
  30  3:28  Drone x2  
  32  3:35  Drone  
  32  3:39  Drone  
  33  3:48  Overlord  
  33  3:51  Zergling x4  
  35  4:00  Zergling x12  
  39  4:06  Drone  
  40  4:13  Baneling x4  
  40  4:21  Overlord  
  40  4:23  Drone x2  
  42  4:27  Drone  
  41  4:42  Zergling x2  
  41  4:43  Zergling x10  
  42  4:53  Zergling x6  
  42  4:55  Hatchery, Baneling  
  42  4:58  Queen  
  46  5:04  Drone  
  46  5:05  Drone x4  
  51  5:07  Extractor  
  51  5:09  Roach Warren  
  49  5:14  Baneling x5  
  49  5:17  Overlord  
  49  5:19  Drone  
  49  5:20  Drone  
  51  5:22  Drone  
  51  5:28  Drone x2  
  51  5:40  Drone x2  
  51  5:41  Drone x2  
  55  5:45  Drone x2  
  55  5:47  Overlord  
  56  5:51  Drone, Extractor  
  56  5:52  Evolution Chamber  
  56  5:55  Drone  
  56  5:57  Drone  
  57  6:06  Overlord  
  57  6:07  Lair  
  56  6:13  Overlord  
  56  6:17  Zerg Missile Weapons Level 1, Drone  
  56  6:18  Drone  
  58  6:19  Drone, Roach  
  58  6:20  Roach x3  
  67  6:25  Overlord  
  67  6:27  Drone  
  67  6:28  Extractor  
  67  6:29  Drone  
  67  6:31  Drone  
  69  6:35  Drone  
  69  6:40  Drone x2  
  69  6:43  Roach x3  
  76  6:47  Roach  
  76  6:52  Roach x2  
  80  6:56  Roach x5  
  80  6:58  Roach  
  80  7:00  Ravager x2  
  96  7:01  Roach  
  96  7:05  Roach  
  96  7:07  Overlord  
  98  7:10  Overlord  
  98  7:12  Overlord  
  97  7:28  Roach x6  
  90  7:31  Roach  
  90  7:32  Roach x3  
  90  7:34  Roach  
  90  7:35  Roach, Queen  
  94  7:39  Roach  
  94  7:41  Roach  
  83  7:46  Roach x3  
  81  7:51  Roach  
  81  7:52  Roach  
Show
View Real Time Build Order
Export as new Build Order

Lambo Zerg - Winner!

Build Orders: Hatch First, Zergling Baneling 

Get SALT Encoding   

  12  0:01  Drone  
  13  0:13  Overlord  
  13  0:17  Drone  
  14  0:31  Drone x2  
  17  0:35  Drone  
  17  0:52  Hatchery  
  17  0:55  Drone  
  17  1:08  Spawning Pool  
  17  1:09  Extractor  
  15  1:12  Drone  
  15  1:15  Drone  
  17  1:19  Drone  
  18  1:28  Drone  
  19  1:41  Overlord  
  19  1:53  Drone  
  20  1:55  Queen  
  22  2:02  Zergling x2  
  22  2:04  Queen  
  22  2:05  Drone  
  26  2:13  Baneling Nest  
  25  2:16  Zergling x2  
  25  2:18  Drone  
  27  2:23  Zergling x2  
  27  2:28  Zergling x2  
  29  2:31  Queen  
  29  2:33  Metabolic Boost  
  31  2:43  Drone x3  
  34  2:53  Zergling x2  
  35  3:02  Baneling x2  
  35  3:04  Overlord  
  35  3:07  Drone  
  35  3:10  Baneling x2  
  36  3:17  Queen  
  33  3:30  Queen  
  33  3:32  Zergling x8  
  39  3:35  Baneling x3  
  38  3:43  Drone x2  
  38  3:44  Drone  
  41  3:49  Drone x2  
  41  3:53  Spore Crawler  
  45  4:09  Overlord  
  45  4:13  Roach Warren  
  45  4:14  Hatchery  
  45  4:15  Zergling x2  
  42  4:20  Drone x2  
  42  4:22  Baneling x4  
  44  4:25  Overlord  
  43  4:36  Zergling x4  
  43  4:37  Zergling x2  
  43  4:42  Zergling x2  
  43  4:43  Zergling x6  
  44  4:46  Baneling x2  
  44  4:53  Drone x4  
  44  4:55  Extractor  
  44  4:57  Drone x2  
  49  5:06  Overlord  
  50  5:07  Drone x3  
  52  5:15  Overlord  
  52  5:16  Roach x3  
  52  5:20  Baneling  
  58  5:26  Drone x2  
  58  5:28  Roach  
  62  5:31  Drone x2  
  61  5:40  Roach x4  
  69  5:46  Roach  
  71  5:50  Overlord  
  71  5:51  Roach  
  71  5:54  Overlord  
  71  5:55  Overlord  
  73  6:00  Extractor  
  72  6:08  Roach  
  72  6:09  Roach x3  
  75  6:12  Roach  
  75  6:13  Zergling x8  
  81  6:20  Roach, Zergling x4  
  81  6:21  Zergling x4  
  81  6:25  Roach  
  89  6:31  Baneling  
  89  6:35  Roach x3  
  95  6:42  Zergling x6  
  98  6:52  Zergling x2  
  98  6:53  Overlord x2  
  98  7:00  Baneling x7  
  98  7:02  Overlord  
  98  7:09  Baneling x2  
  98  7:10  Baneling  
  98  7:12  Zergling x20  
  98  7:15  Zergling x4  
  109  7:19  Zergling x2  
  104  7:26  Zergling x2  
  104  7:27  Zergling x6  
  100  7:32  Zergling x4  
  97  7:39  Zergling x2  
  97  7:44  Zergling x12  
  104  7:54  Ravager x3  

Tags
 
Add a new tag
Caveats
  • Supply blocks, unpowered buildings, or Contaminate may cause inaccurate times.
  • Supply counts are checked every 10 seconds.